 Dungeon Crawl Stone Soup version 0.17.1-3-g152610e (webtiles) character file.

146 Heskey the Ducker (level 5, 0/69 HPs)
             Began as a Draconian Berserker on Mar 19, 2016.
             Was a Priest of Trog.
             Succumbed to an adder's poison
             ... on level 3 of the Dungeon.
             The game lasted 00:05:21 (2551 turns).

Heskey the Ducker (Draconian Berserker)             Turns: 2551, Time: 00:05:21

Health: 0/69       AC:  7    Str: 25    XL:     5   Next: 7%
Magic:  5/5        EV: 13    Int:  7    God:    Trog [***...]
Gold:   122        SH:  0    Dex: 11    Spells: 0 memorised, 4 levels left

rFire  . . .     SeeInvis .     a - +0 short sword
rCold  . . .     Clarity  .     (armour unavailable)
rNeg   . . .     SustAt   .     (no shield)
rPois  .         Gourm    .     i - +1 hat
rElec  .         Spirit   .     (no cloak)
rCorr  .         Warding  .     (no gloves)
rMut   .         Stasis   .     l - +0 pair of boots
MR     .....                    (no amulet)
Stlth  ..........               (no ring)
                                (no ring)

@: berserking (expiring), lethally poisoned (0 -> -12), slowed, not resistant to
hostile enchantments, extremely unstealthy
A: unfitting armour, cold-blooded, AC +5
a: Berserk, Trog's Hand, Burn Spellbooks, Renounce Religion


You were on level 3 of the Dungeon.
You worshipped Trog.
Trog was most pleased with you.
You were hungry.

You visited 1 branch of the dungeon, and saw 3 of its levels.

You collected 122 gold pieces.

Inventory:

Hand Weapons
 a - a +0 short sword (weapon)
Armour
 i - a +1 hat (worn)
 l - a +0 pair of boots (worn)
Wands
 m - a wand of slowing (16)
Scrolls
 g - a scroll of recharging {unknown}
 j - a scroll of teleportation
 n - a scroll of fear {unknown}
Potions
 c - a potion of agility {unknown}
 e - 2 potions of curing
 f - a potion of brilliance {unknown}
 h - 2 potions of poison {unknown}
 k - a potion of heal wounds {unknown}
 o - a potion of flight
Comestibles
 b - a bread ration
 d - a meat ration


   Skills:
 + Level 4.0 Fighting
 + Level 3.8 Short Blades
 + Level 4.4 Dodging


You had 4 spell levels left.
You didn't know any spells.

Dungeon Overview and Level Annotations

Branches:
Dungeon (3/15)

Altars:
Dithmenos
Nemelex Xobeh


Innate Abilities, Weirdness & Mutations

Your plain brown scales are hard (AC +5).
Your body does not fit into most forms of armour.
You are cold-blooded and may be slowed by cold attacks.


Message History

You feel sick. The adder misses you.
You barely miss the adder.
Your tail-slap misses the adder.
* * * LOW HITPOINT WARNING * * *
You feel sick. The adder bites you but does no damage.
You puncture the adder!
The adder is severely wounded.
* * * LOW HITPOINT WARNING * * *
You feel sick. The adder bites you.
* * * LOW HITPOINT WARNING * * *
The adder bites you but does no damage.
You closely miss the adder.
The adder is severely wounded.
* * * LOW HITPOINT WARNING * * *
You feel sick. The adder barely misses you.
You puncture the adder!
You kill the adder!
Trog accepts your kill.
* * * LOW HITPOINT WARNING * * *
You feel sick.
You die...

... #......##.....##
... ..
##.....#<#....# ...
..
#.....#.#.#'###.###.
.
#.....#...#.(.....(.
#.........#.........
#.........+.........
#.........#.........
.......#.........
#......#@)<.#....
#....##... .....#
... ........
.......### .........
...........
...........#.


There were no monsters in sight!

Vanquished Creatures
  Terence (D:2)
  3 adders
  2 gnolls (D:1)
  2 worms (D:2)
  A giant gecko (D:2)
  7 bats
  9 goblins
  7 hobgoblins
  8 jackals (D:1)
  5 giant cockroaches
  9 giant newts
  9 kobolds
  10 rats
73 creatures vanquished.

Notes
Turn   | Place    | Note
--------------------------------------------------------------
     0 | D:1      | Heskey the Draconian Berserker began the quest for the Orb.
     0 | D:1      | Reached XP level 1. HP: 19/19 MP: 1/1
   300 | D:1      | Reached XP level 2. HP: 12/26 MP: 2/2
   610 | D:1      | Reached XP level 3. HP: 23/33 MP: 3/3
   641 | D:1      | Reached ** piety under Trog
  1378 | D:2      | Reached XP level 4. HP: 32/40 MP: 4/4
  1448 | D:2      | Found a shadowy altar of Dithmenos.
  1784 | D:2      | Found a sparkling altar of Nemelex Xobeh.
  2033 | D:2      | Noticed Terence
  2047 | D:2      | Killed Terence
  2047 | D:2      | Reached skill level 4 in Fighting
  2076 | D:2      | Reached *** piety under Trog
  2546 | D:3      | Reached XP level 5. HP: 11/46 MP: 5/5
  2549 | D:3      | HP: 3/69 [poisoned by an adder]
  2550 | D:3      | HP: 1/69 [poisoned by an adder]
  2551 | D:3      | Succumbed to an adder's poison

Action                   |  1- 3 |  4- 6 || total
-------------------------+-------+-------++-------
Melee: Short sword       |   147 |   110 ||   257
Invok: Berserk           |     1 |     2 ||     3
  Use: Scroll            |     8 |       ||     8
       Potion            |     2 |       ||     2
 Stab: Sleeping          |     1 |       ||     1
  Eat: Chunk             |     2 |     5 ||     7
